 Dungeon Crawl Stone Soup version 0.20.0-8-g6b59dc7 (webtiles) character file.

42 Chiseanne the Magician (level 3, 0/24 HPs)
             Began as a Demonspawn Wizard on June 1, 2017.
             Slain by a jackal (3 damage)
             ... on level 2 of the Dungeon.
             The game lasted 00:02:20 (1774 turns).

Chiseanne the Magician (Demonspawn Wizard)          Turns: 1774, Time: 00:02:20

Health: 0/24       AC:  2    Str:  7    XL:     3   Next: 33%
Magic:  0/8        EV: 12    Int: 20    God:
Gold:   73         SH:  0    Dex: 11    Spells: 0/9 levels left

rFire    . . .     SeeInvis .   j - +0 short sword
rCold    + . .     Gourm    .   (no shield)
rNeg     . . .     Faith    .   a - +0 robe
rPois    .         Spirit   .   b - +0 hat
rElec    .         Reflect  .   (no cloak)
rCorr    .         Harm     .   (no gloves)
MR       .....                  (no boots)
Stlth    ++........             (no amulet)
Regen    0.1/turn               (no ring)
MPRegen  0.2/turn               (no ring)

@: no status effects
A: cold resistance 1
a: no special abilities


You were on level 2 of the Dungeon.
You were hungry.

You visited 1 branch of the dungeon, and saw 2 of its levels.

You collected 73 gold pieces.

Inventory:

Hand Weapons
 j - a +0 short sword (weapon)
Missiles
 k - 29 stones (quivered)
 m - 18 bolts
Armour
 a - a +0 robe (worn)
 b - a +0 hat (worn)
Scrolls
 c - a scroll of recharging {unknown}
 e - a scroll of remove curse
 n - a scroll of blinking {unknown}
Potions
 g - a potion of heal wounds {unknown}
 h - 2 potions of curing {unknown}
 i - 2 potions of might
 l - 2 potions of haste {unknown}
Comestibles
 d - 2 bread rations
 f - 5 chunks of flesh


   Skills:
 - Level 1.7 Dodging
 - Level 1.7 Stealth
 * Level 3.6 Spellcasting
 * Level 2.3 Conjurations
   Level 1.0 Summonings
 - Level 0.8 Translocations


You couldn't memorise any spells.
You knew the following spells:

 Your Spells              Type           Power        Failure   Level  Hunger
a - Magic Dart            Conj           ##..         4%          1    None
b - Blink                 Tloc           N/A          14%         2    ##.....
c - Conjure Flame         Conj/Fire      #.......     24%         3    ###....
d - Mephitic Cloud        Conj/Pois/Air  #.......     28%         3    ###....


Dungeon Overview and Level Annotations

Branches:
Dungeon (2/15)

Altars:


Innate Abilities, Weirdness & Mutations

Your flesh is cold resistant. (rC+)


Message History

The jackal bites you.
You closely miss the jackal.
The jackal is almost dead.
The kobold closely misses you. The jackal bites you. The kobold misses you.
You barely miss the jackal.
The jackal is almost dead.
The jackal barely misses you. The kobold hits you but does no damage.
The jackal bites you.
You miss the jackal.
The jackal is almost dead.
The jackal barely misses you. The kobold hits you with a whip.
* * * LOW HITPOINT WARNING * * *
Casting: Magic Dart
Confirm with . or Enter, or press ? or * to list all spells.
Aiming: Magic Dart
Press: ? - help, Shift-Dir - straight line, f - kobold
Aim: a kobold, wielding a whip and wearing a plate armour The magic dart hits the kobold.
The jackal closely misses you. The kobold hits you but does no damage.
The jackal bites you.
You die...

#.##.......#≈≈...≈≈#
#>##.......#≈..≈..≈#
#.##.......'..≈≈≈.≈#
#.##.......#≈..≈..≈#
#.##.......#≈≈...≈≈#
#.##.......#≈≈≈≈≈≈≈#
#.......#########
#........#
###.@##### #hK# #..#
...# #...# .....
##...# #....


You could see a jackal and a kobold.

Vanquished Creatures
  An adder (D:2)
  A worm (D:2)
  A dart slug (D:2)
  A leopard gecko (D:1)
  A ball python (D:1)
  A bat (D:2)
  2 giant cockroaches
  4 goblins
  4 hobgoblins
  2 jackals (D:2)
  3 kobolds
  3 rats
24 creatures vanquished.

Notes
Turn   | Place    | Note
-------+----------+-------------------------------------------
     0 | D:1      | Chiseanne the Demonspawn Wizard began the quest for the Orb.
     0 | D:1      | Reached XP level 1. HP: 13/13 MP: 4/4
   416 | D:1      | Gained mutation: Your flesh is cold resistant. (rC+) [demonic ancestry]
   416 | D:1      | Reached XP level 2. HP: 12/19 MP: 0/6
  1397 | D:2      | Reached XP level 3. HP: 24/24 MP: 0/8
  1468 | D:2      | Learned a level 2 spell: Blink
  1472 | D:2      | Learned a level 3 spell: Conjure Flame
  1476 | D:2      | Learned a level 3 spell: Mephitic Cloud
  1774 | D:2      | Slain by a jackal

Skill      XL: |  1  2 |
---------------+-------+-----
Conjurations   | 2 |  2.3
Dodging        | |  1.7
Stealth        | |  1.7
Spellcasting   | |  3.6
Summonings     | |  1.0
Translocations | |  0.8

Action                   || total
-------------------------++-------
Melee: Unarmed           ||    15
       Whip              ||     7
       Short sword       ||    22
 Cast: Magic Dart        ||    73
  Use: Scroll            ||     4
  Eat: Chunk             ||     2
Armor: Robe              ||     8
Dodge: Dodged            ||    50
